 Dungeon Crawl Stone Soup version 0.30-b1-2-g02819fbbbe (webtiles) character file.

Game seed: 18405645615703917461

9 Alarkh the Sneak (level 2, 19/24 HPs)
             Began as a Demonspawn Delver on May 23, 2023.
             Quit the game on level 4 of the Dungeon.
             The game lasted 00:00:15 (167 turns).

Alarkh the Sneak (Demonspawn Delver)                 Turns: 167, Time: 00:00:16

Health: 19/24      AC:  3    Str: 12    XL:     2   Next: 3%
Magic:  2/2        EV: 11    Int: 11    God:
Gold:   12         SH:  0    Dex: 14    Spells: 1/1 levels left

rFire   . .          .
                       - Unarmed
rCold   . . .        (no shield)
rNeg    . . .        a - +0 leather armour
rPois   .            (helmet restricted)
rElec   .            (no cloak)
rCorr   .            (no gloves)
SInv    .            (no boots)
Will    .....        (no amulet)
Stlth   ++           (no ring)
HPRegen 0.24/turn    (no ring)
MPRegen 0.08/turn

%: no passive effects
@: no status effects
A: antennae 1
a: no special abilities


You were on level 4 of the Dungeon.
You visited 1 branch of the dungeon, and saw 2 of its levels.

You collected 12 gold pieces.

Inventory:

Missiles
 i - 2 silver javelins (quivered)
Armour
 a - a +0 leather armour (worn)
Wands
 f - a wand of digging (3)
Scrolls
 b - a scroll of fog
 c - a scroll of magic mapping
 d - a scroll of fear
Potions
 e - a potion of haste
 g - a potion of flight {unknown}
 h - a potion of lignification {unknown}


   Skills:
 - Level 3.0 Fighting
 - Level 1.7 Dodging
 - Level 4.5 Stealth
 + Level 2.5 Unarmed Combat


You had one spell level left.
You didn't know any spells.
Your spell library was empty.

Dungeon Overview and Level Annotations

Branches:
Dungeon (5/15)
 Temple: D:4-7

Altars:
Cheibriados


Innate Abilities, Weirdness & Mutations

You have a pair of small antennae on your head.


Message History

Aim: an adder (40% to hit)
You throw a silver javelin.
The silver javelin closely misses the adder.
Throw: 4 javelins (silver)
Press: ? - help, Q - select action Shift-Dir - straight line, f/p - adder
Aim: an adder (40% to hit)
You throw a silver javelin. The silver javelin misses the adder.
Throw: 3 javelins (silver)
Press: ? - help, Q - select action Shift-Dir - straight line, f/p - adder
Aim: an adder (40% to hit)
You throw a silver javelin.
The silver javelin pierces through the adder.
The adder is severely wounded.
The adder bites you.
You hit the adder but do no damage.
The adder is severely wounded.
The adder bites you but does no damage.
You hit the adder.
The adder is almost dead.
The adder barely misses you.
You hit the adder.
The adder is almost dead.
The adder bites you. The adder bites you but does no damage.
You closely miss the adder.
The adder is almost dead.
The adder barely misses you.
You closely miss the adder.
The adder is almost dead.
The adder barely misses you.
You miss the adder.
The adder is almost dead.
The adder barely misses you. The adder bites you.
You hit the adder.
You kill the adder!
Your Unarmed Combat skill increases to level 2!
You have reached level 2!
You feel monstrous as your demonic heritage exerts itself.
Your demonic ancestry asserts itself...
A pair of antennae grows on your head!
Are you sure you want to abandon this character and quit the game? (Confirm with "yes".)

((.. ##...
...$ ... ..
#.
#.#####...
#.†.......
##@.......
#.>.....#.
#.......#
#......##
#......#
.........
.###..###..
# #.# .. .#


There were no monsters in sight!

Vanquished Creatures
  An adder (D:4)
1 creature vanquished.

Notes
Turn   | Place    | Note
-------+----------+-------------------------------------------
     0 | D:5      | Alarkh the Demonspawn Delver began the quest for the Orb.
     0 | D:5      | Reached XP level 1. HP: 18/18 MP: 1/1
    96 | D:5      | Found a snail-covered altar of Cheibriados.
   167 | D:4      | Discovered your monstrous ancestry.
   167 | D:4      | Gained mutation: You have a pair of small antennae on your
                  | head. [demonic ancestry]
   167 | D:4      | Reached XP level 2. HP: 19/24 MP: 2/2
   167 | D:4      | Quit the game

Illustrated notes

Levels and vault maps discovered:
D:4:      cheibrodos_old_hovel, layout_basic,
          mainiacjoe_overflow_surrounded_room, vehumet_crystals,
          minmay_temple_entry_statues_pillars, serial_shops, shop,
          minmay_misc_feat_chi, hangedman_decor_riveting
D:5:      layout_basic, old_standard_altar

Skill      XL: |  1 |
---------------+----+-----
Unarmed Combat | 2 |  2.5
Fighting       | |  3.0
Dodging        | |  1.7
Stealth        | |  4.5

Action                     || total
---------------------------++-------
  Melee: Unarmed           ||     7
  Throw: Javelin           ||     3
 Armour: Leather armour    ||     2
  Dodge: Dodged            ||     4
